 Dungeon Crawl Stone Soup version 0.30-a0-913-g9934a0ce24 (webtiles) character file.

Game seed: 12738662431197951350

364 DeathPants the Cutter (level 6, -2/32 HPs)
             Began as a Vine Stalker Gladiator on Mar 19, 2023.
             Slain by Edmund
             ... wielding a +3 dire flail of protection
              (7 damage)
             ... on level 4 of the Dungeon.
             The game lasted 00:16:17 (3096 turns).

DeathPants the Cutter (Vine Stalker Gladiator)      Turns: 3096, Time: 00:16:18

Health: -2/32      AC: 10    Str: 16    XL:     6   Next: 67%
Magic:  0/7        EV: 13    Int:  8    God:
Gold:   617        SH:  0    Dex: 18    Spells: 5/5 levels left

rFire   . . .      SeeInvis +    a - +0 rapier
rCold   . . .      Faith    .    (no shield)
rNeg    . . .      Spirit   +    r - +3 leather armour
rPois   .          Reflect  .    q - +2 helmet {SInv}
rElec   .          Rampage  .    (no cloak)
rCorr   .                        (no gloves)
Will    .....                    l - +0 pair of boots
Stlth   +                        (no amulet)
HPRegen 1.05/turn                (no ring)
MPRegen 0.10/turn                (no ring)

@: studying 2 skills
A: fangs 2, regeneration 1, magic shield, antimagic bite, no potion heal 2
a: no special abilities


You were on level 4 of the Dungeon.
You visited 1 branch of the dungeon, and saw 5 of its levels.

You collected 617 gold pieces.

Inventory:

Hand Weapons
 a - a +0 rapier (weapon)
 p - a +0 long sword of protection
Missiles
 e - a javelin (quivered)
Armour
 l - a +0 pair of boots (worn)
 q - a +2 helmet of see invisible (worn)
 r - a +3 leather armour (worn)
Jewellery
 m - a ring of ice
Wands
 h - a wand of roots (11)
Scrolls
 c - a scroll of enchant armour {unknown}
 k - 3 scrolls of teleportation
 n - a scroll of amnesia
 o - a scroll of immolation {unknown}
Potions
 f - 2 potions of cancellation
 i - 3 potions of curing


   Skills:
 + Level 3.6 Fighting
 * Level 5.3 Short Blades
 - Level 1.8 Throwing
 - Level 2.0 Armour
 + Level 3.4 Dodging
 + Level 0.2 Stealth


You had 5 spell levels left.
You didn't know any spells.
Your spell library contained the following spells:

 Spells                   Type           Power      Damage    Failure   Level
 Vhi's Electric Charge    Tloc/Air       0%         N/A       85%         3
 Arcjolt                  Conj/Air       0%         1d10      100%        5
 Maxwell's Capacitive Co  Air            0%         ∞         100%        8


Dungeon Overview and Level Annotations

Branches:
Dungeon (5/15)
 Temple: D:4-7

Altars:
Fedhas
Uskayaw
Vehumet

Shops:
D:1 *

Annotations:
D:4 Edmund


Innate Abilities, Weirdness & Mutations

You have extremely sharp teeth.
Your natural rate of healing is unusually fast.
When hurt, damage is shared between your health and your magic reserves.
Your bite disrupts and absorbs the magic of your enemies.
Potions cannot restore your health.


Message History

Edmund barely misses you.
You hit Edmund but do no damage.
Edmund is lightly wounded.
Edmund hits you with a +3 dire flail of protection!
You hit Edmund but do no damage. You bite Edmund. You drain his power.
You feel invigorated.
Edmund is lightly wounded.
Edmund barely misses you.
You hit Edmund. Your bite misses Edmund.
Edmund is moderately wounded.
Edmund hits you with a +3 dire flail of protection.
You hit Edmund but do no damage. You bite Edmund, but do no damage.
Edmund is moderately wounded.
Edmund says, "People think my brother is the best.
I think he's crazy."
Edmund closely misses you.
You hit Edmund but do no damage. Your bite misses Edmund.
Edmund is moderately wounded.
Edmund misses you.
You hit Edmund but do no damage. You bite Edmund. You drain his power.
You feel invigorated.
Edmund is moderately wounded.
Edmund closely misses you.
You hit Edmund. You bite Edmund. You drain his power.
Edmund is heavily wounded.
You barely miss Edmund. You bite Edmund. You drain his power.
Edmund is heavily wounded.
Edmund hits you with a +3 dire flail of protection!
You barely miss Edmund.
Edmund is heavily wounded.
Edmund hits you with a +3 dire flail of protection!
* * * LOW HITPOINT WARNING * * *
You closely miss Edmund. You bite Edmund, but do no damage.
Edmund is heavily wounded.
Edmund hits you with a +3 dire flail of protection!
* * * LOW HITPOINT WARNING * * *
You hit Edmund but do no damage. You bite Edmund. You drain his power.
You feel invigorated.
Edmund is heavily wounded.
Edmund hits you with a +3 dire flail of protection!
You die...

...).................#
.....................#
.....................#
#....................#
#####.....)..........#
....+.....#####......#
##..#.....# #...<..#
##..#.....# #......#
+...#.....# #@@....#
#...#.....# ########
##..#.....# #####.....
....# ....# ##..#
##### ##..# ###


You could see Edmund.

Vanquished Creatures
  2 scorpions (D:3)
  A hound (D:5)
  2 jellies (D:4)
  Terence (D:3)
  Ijyb (D:3)
  2 gnolls (D:4)
  An adder (D:4)
  A worm (D:2)
  3 dart slugs
  3 orcs
  7 ball pythons
  5 bats
  5 endoplasms
  3 giant cockroaches
  6 goblins
  4 hobgoblins
  3 jackals (D:1)
  8 kobolds
  5 quokkas
  5 frilled lizards
  7 rats
75 creatures vanquished.

Notes
Turn   | Place    | Note
-------+----------+-------------------------------------------
     0 | D:1      | DeathPants the Vine Stalker Gladiator began the quest for
                  | the Orb.
     0 | D:1      | Reached XP level 1. HP: 11/11 MP: 2/2
   127 | D:1      | Reached XP level 2. HP: 15/15 MP: 3/3
   303 | D:1      | Reached skill level 3 in Short Blades
   427 | D:1      | Reached XP level 3. HP: 15/18 MP: 2/4
   444 | D:1      | Found a faded altar of an unknown god.
   537 | D:1      | Found Eqownuda's Assorted Antiques.
   998 | D:3      | Noticed Terence
  1282 | D:2      | Reached skill level 1 in Armour
  1557 | D:2      | Gained mutation: Your natural rate of healing is unusually
                  | fast. [Vine Stalker growth]
  1557 | D:2      | Reached XP level 4. HP: 23/23 MP: 5/5
  1837 | D:2      | Found the +3 Mad Mage's Maulers {Infuse+∞ VampMP -Cast}
  2011 | D:3      | Found a radiant altar of Vehumet.
  2098 | D:3      | Noticed Ijyb
  2113 | D:3      | Killed Ijyb
  2238 | D:4      | Noticed a scorpion
  2238 | D:4      | Noticed a scorpion
  2268 | D:3      | Killed Terence
  2269 | D:3      | Reached XP level 5. HP: 27/27 MP: 4/6
  2540 | D:3      | Identified 4 scrolls of acquirement
  2540 | D:3      | Acquired a +2 helmet of see invisible
  2553 | D:3      | Acquired a manual of Short Blades
  2555 | D:3      | Acquired 498 gold pieces
  2557 | D:3      | Acquired a manual of Fighting
  2564 | D:3      | Found a hide-covered altar of Uskayaw.
  2564 | D:3      | Found a blossoming altar of Fedhas.
  2697 | D:3      | Reached skill level 4 in Short Blades
  2729 | D:3      | Reached XP level 6. HP: 32/32 MP: 7/7
  2855 | D:4      | Reached skill level 5 in Short Blades
  2880 | D:5      | Entered Level 5 of the Dungeon
  2982 | D:4      | Noticed Edmund
  3096 | D:4      | Slain by Edmund

Illustrated notes

Levels and vault maps discovered:
D:1:      evilmike_arrival_crescent, layout_basic,
          hellmonk_ecumenical_altar_crossroads, serial_shops, nicolae_shop_stone
D:2:      layout_loops_corners
D:3:      layout_basic, nicolae_vehumet_radiance,
          gammafunk_temple_overflow_elements, uniq_ijyb, uniq_terence
D:4:      layout_gridville, kennysheep_orc_sif_temple, uniq_edmund
D:5:      layout_basic, nicolae_hepliaklqana_hazy_memory,
          minmay_temple_entry_glass, minmay_starry_boxes

Skill      XL: |  1  2  3  4  5  6 |
---------------+-------------------+-----
Fighting       | 2 3 |  3.6
Short Blades   | 3 4 5 |  5.3
Armour         | 1 2 |  2.0
Dodging        | 3 |  3.4
Throwing       | |  1.8
Stealth        | |  0.2

Action                     |  1- 3 |  4- 6 || total
---------------------------+-------+-------++-------
  Melee: Rapier            |   133 |   140 ||   273
         Bite              |    34 |    54 ||    88
         Punch             |     1 |     1 ||     2
  Throw: Throwing net      |       |     5 ||     5
    Use: Scroll            |       |    11 ||    11
         Potion            |       |     1 ||     1
   Stab: Held in net/web   |       |     3 ||     3
         Sleeping          |       |     2 ||     2
 Armour: Leather armour    |    28 |    21 ||    49
         Ring mail         |     3 |     5 ||     8
  Dodge: Dodged            |    75 |    74 ||   149

Table legend: (Time is in decaauts)
 A = Elapsed time spent in this place.
 B = Non-inter-level travel time spent in this place.
 C = Inter-level travel time spent in this place.
 D = Time resting spent in this place.
 E = Time spent auto-exploring this place.
 F = Levels seen in this place.
 G = Mean time per level.
                   A        B        C        D        E       F      G
               +--------+--------+--------+--------+--------+-----+--------+
         Total |   3105 |   3042 |     63 |     34 |   2056 |   5 |  621.0 |
       Dungeon |   3105 |   3042 |     63 |     34 |   2056 |   5 |  621.0 |
               +--------+--------+--------+--------+--------+-----+--------+

Top non-repeatable levels by time:
     D:2: 1058 daAuts
     D:1: 888 daAuts
     D:3: 773 daAuts
     D:4: 379 daAuts
     D:5: 5 daAuts
